 Dungeon Crawl Stone Soup version 0.20.1-1-g8b1a95d (webtiles) character file.

103 Lanoc the Magician (level 5, 0/28 HPs)
             Began as a Kobold Wizard on Nov 23, 2017.
             Was an Initiate of Sif Muna.
             Slain by an adder (1 damage)
             ... on level 3 of the Dungeon.
             The game lasted 00:25:47 (2863 turns).

Lanoc the Magician (Kobold Wizard)                  Turns: 2863, Time: 00:25:49

Health: 0/28       AC:  3    Str:  4    XL:     5   Next: 6%
Magic:  1/11       EV: 15    Int: 21    God:    Sif Muna [......]
Gold:   50         SH:  0    Dex: 13    Spells: 5/13 levels left

rFire    . . .     SeeInvis .   (weapon restricted)
rCold    . . .     Gourm    .   (shield restricted)
rNeg     + . .     Faith    .   a - +0 robe
rPois    .         Spirit   .   b - +0 hat
rElec    .         Reflect  .   l - +0 cloak
rCorr    .         Harm     .   o - -1 pair of gloves (curse)
MR       .....     Rnd*Tele +   (no boots)
Stlth    ++........             (no amulet)
Regen    0.1/turn               e - ring of positive energy
MPRegen  0.2/turn               m - ring of teleportation (curse)

@: lethally poisoned (0 -> -3)
A: carnivore 3
a: Renounce Religion


You were on level 3 of the Dungeon.
You worshipped Sif Muna.
Sif Muna was noncommittal.
You were very full.

You visited 1 branch of the dungeon, and saw 3 of its levels.

You collected 50 gold pieces.

Inventory:

Missiles
 j - 5 needles of frenzy
Armour
 a - a +0 robe (worn)
 b - a +0 hat (worn)
 l - a +0 cloak (worn)
 o - a cursed -1 pair of gloves (worn)
 p - a cursed +0 robe
Jewellery
 e - a ring of positive energy (left hand)
 m - a cursed ring of teleportation (right hand)
Scrolls
 i - a scroll of amnesia
Books
 c - a book of Minor Magic

   Spells                             Type                      Level
   a - Magic Dart                     Conjuration                  1
   b - Blink                          Translocation                2
   c - Call Imp                       Summoning                    2
   d - Slow                           Hexes                        2
   e - Conjure Flame                  Conjuration/Fire             3
   f - Mephitic Cloud                 Conjuration/Poison/Air       3
Comestibles
 d - 3 meat rations


   Skills:
 + Level 0.7 Throwing
 + Level 2.8 Dodging
 + Level 3.4 Stealth
 + Level 0.2 Unarmed Combat
 + Level 4.6 Spellcasting
 + Level 1.8 Conjurations
 + Level 1.1 Summonings
 + Level 1.0 Translocations
 + Level 0.2 Air Magic


You had 5 spell levels left.
You knew the following spells:

 Your Spells              Type           Power        Failure   Level  Hunger
a - Magic Dart            Conj           ##..         5%          1    None
b - Call Imp              Summ           #.......     11%         2    #......
c - Blink                 Tloc           N/A          11%         2    #......
d - Mephitic Cloud        Conj/Pois/Air  #.......     26%         3    ##.....


Dungeon Overview and Level Annotations

Branches:
Dungeon (3/15)

Altars:
Sif Muna

Annotations:
D:3 Robin


Innate Abilities, Weirdness & Mutations

You are small and have problems with some larger weapons.
You are carnivorous and can eat meat at any time.


Message History

The adder is severely wounded.
* * * LOW HITPOINT WARNING * * *
You feel sick. The adder barely misses you. x2
You hit the adder.
The adder is severely wounded.
The adder bites you but does no damage.
You closely miss the adder.
The adder is severely wounded.
* * * LOW HITPOINT WARNING * * *
You feel sick. The adder barely misses you.
You closely miss the adder.
The adder is severely wounded.
The adder closely misses you.
You closely miss the adder.
The adder is severely wounded.
The adder closely misses you. The adder completely misses you.
You closely miss the adder.
The adder is severely wounded.
The adder bites you.
You die...

#.#......#
#.#......#
#.#......#
######.#......#
#....#.#......#####.
#.##.#.#(...........
#.##.#.#.....)#####
#.##S#.######.#
#.##@#.# #.#
#.##.#.# #<#
#.##.#.######.#
#.##.....)....#
#.####.########
#..[...# ########


You could see an adder.

Vanquished Creatures
  3 adders (D:2)
  3 dart slugs
  2 leopard geckos
  7 orcs (D:3)
  2 giant cockroaches
  13 goblins
  5 hobgoblins
  A quokka (D:3)
  A ball python (D:1)
  6 bats
  2 frilled lizards
  6 kobolds
  A leopard gecko skeleton (D:3)
  4 rats
56 creatures vanquished.

Vanquished Creatures (collateral kills)
  2 orcs (D:3)
  A giant cockroach (D:1)
  A goblin (D:1)
  A hobgoblin (D:3)
5 creatures vanquished.

Grand Total: 61 creatures vanquished

Notes
Turn   | Place    | Note
-------+----------+-------------------------------------------
     0 | D:1      | Lanoc the Kobold Wizard began the quest for the Orb.
     0 | D:1      | Reached XP level 1. HP: 10/10 MP: 4/4
   264 | D:1      | Reached XP level 2. HP: 15/15 MP: 0/6
   268 | D:1      | Learned a level 2 spell: Call Imp
   271 | D:1      | Learned a level 2 spell: Blink
   885 | D:1      | Learned a level 1 spell: Magic Dart
  1003 | D:1      | Reached skill level 4 in Spellcasting
  1003 | D:1      | Reached XP level 3. HP: 19/19 MP: 2/8
  1093 | D:1      | Learned a level 3 spell: Mephitic Cloud
  1513 | D:2      | Reached XP level 4. HP: 17/24 MP: 2/10
  1862 | D:2      | Found a deep blue altar of Sif Muna.
  1868 | D:2      | Became a worshipper of Sif Muna the Loreminder
  2401 | D:3      | Noticed Robin
  2717 | D:3      | Reached XP level 5. HP: 27/28 MP: 0/11
  2806 | D:3      | Found a faded altar of an unknown god.
  2860 | D:3      | HP: 1/28 [poisoned by an adder]
  2863 | D:3      | Slain by an adder

Skill      XL: |  1  2 |
---------------+-------+-----
Stealth        | 3 |  3.4
Spellcasting   | 4 |  4.6
Throwing       | |  0.7
Dodging        | |  2.8
Unarmed Combat | |  0.2
Conjurations   | |  1.8
Summonings     | |  1.1
Translocations | |  1.0
Air Magic      | |  0.2

Action                   |  1- 3 |  4- 6 || total
-------------------------+-------+-------++-------
Melee: Unarmed           |     9 |    61 ||    70
Throw: Tomahawk          |       |    12 ||    12
 Cast: Magic Dart        |    70 |    84 ||   154
       Call Imp          |     2 |     1 ||     3
       Mephitic Cloud    |       |     4 ||     4
  Use: Scroll            |     5 |     2 ||     7
       Potion            |       |     4 ||     4
 Stab: Sleeping          |     2 |       ||     2
  Eat: Chunk             |    10 |     4 ||    14
Armor: Robe              |    11 |    13 ||    24
Dodge: Dodged            |    32 |   112 ||   144
